 Dungeon Crawl Stone Soup version 0.23.0-3-gf3c87f2 (webtiles) character file.

Game seed: 16603533051954192467

5722 Lavandula the Grappler (level 10, -2/95 (96) HPs)
             Began as a Troll Wanderer on Feb 23, 2019.
             Was an Initiate of Cheibriados.
             Slain by a troll (6 damage)
             ... on level 13 of the Dungeon.
             The game lasted 00:17:20 (7976 turns).

Lavandula the Grappler (Troll Wanderer)             Turns: 7976, Time: 00:17:20

HP:   -2/95 (96)    AC:  2    Str: 25    XL:     10   Next: 48%
MP:   9/9           EV: 10    Int: 12    God:    Cheibriados [......]
Gold: 654           SH: 11    Dex:  8    Spells: 0/9 levels left

rFire    . . .     SeeInvis .     - Unarmed
rCold    . . .     Gourm    +   d - +0 shield
rNeg     . . .     Faith    .   e - +0 robe
rPois    +         Spirit   .   (helmet restricted)
rElec    .         Reflect  .   (no cloak)
rCorr    .         Harm     .   (gloves unavailable)
MR       +....                  (boots unavailable)
Stlth    +.........             H - amulet of magic regeneration
HPRegen  0.65/turn              k - ring of protection from magic
MPRegen  0.36/turn              L - ring of poison resistance

@: corroded, studying Poison Magic, very slow
A: large, unfitting armour, claws 3, fast metabolism 3, gourmand, regeneration
1, shaggy fur 1, tough skin 3
a: Bend Time, Renounce Religion


You were on level 13 of the Dungeon.
You worshipped Cheibriados.
Cheibriados was noncommittal.
You were full.

You visited 2 branches of the dungeon, and saw 12 of its levels.
You also visited: Sewer.

You collected 654 gold pieces.

Inventory:

Hand Weapons
 v - a +2 spear of chaos
Missiles
 i - 4 javelins of returning
 m - 10 steel javelins (quivered)
Armour
 d - a +0 shield (worn)
 e - a +0 robe (worn)
Jewellery
 k - a ring of protection from magic (left claw)
 H - an amulet of magic regeneration (around neck)
 L - a ring of poison resistance (right claw)
Wands
 x - a wand of clouds (6)
 D - a wand of digging (6)
 G - a wand of random effects (33)
 I - a wand of scattershot (2)
Scrolls
 b - 8 scrolls of teleportation {unknown}
 c - 3 scrolls of magic mapping {unknown}
 h - 4 scrolls of identify {unknown}
 n - 3 scrolls of random uselessness {unknown}
 p - 2 scrolls of fear {unknown}
 r - 9 scrolls of remove curse {unknown}
 t - a scroll of noise {unknown}
 u - 3 scrolls of enchant armour {unknown}
 w - 3 scrolls of immolation {unknown}
 y - 2 scrolls of enchant weapon {unknown}
 B - 2 scrolls of amnesia {unknown}
 C - a scroll of blinking {unknown}
 E - 4 scrolls of brand weapon {unknown}
Potions
 a - a potion of berserk rage {unknown}
 g - 4 potions of haste
 j - a potion of magic {unknown}
 l - a potion of might {unknown}
 o - 2 potions of degeneration {unknown}
 q - a potion of brilliance {unknown}
 s - a potion of lignification {unknown}
 z - 3 potions of curing {unknown}
 A - a potion of invisibility {unknown}
 J - a potion of mutation {unknown}
Books
 F - a manual of Poison Magic
Comestibles
 f - 17 rations


   Skills:
 - Level 5.3 Fighting
   Level 1.0 Axes
   Level 1.0 Crossbows
 - Level 1.0 Throwing
 - Level 3.0 Dodging
 - Level 8.5 Shields
 - Level 10.0 Unarmed Combat
 + Level 3.8 Poison Magic


You couldn't memorise any spells.
You knew the following spells:

 Your Spells              Type           Power        Failure   Level  Hunger
a - Blink                 Tloc           N/A          50%         2    ###....
b - Mephitic Cloud        Conj/Pois/Air  #.......     54%         3    ####...
c - Olgreb's Toxic Radia  Pois           #.......     58%         4    #####..

Your spell library contained the following spells:

 Spells                   Type           Power        Failure   Level  Hunger
 Sting                    Conj/Pois      #...         17%         1    ##.....
 Poisonous Vapours        Pois/Air       #.....       26%         2    ###....
 Magic Dart               Conj           #...         36%         1    ##.....
 Call Imp                 Summ           #.......     50%         2    ###....
 Slow                     Hex            #.......     50%         2    ###....
 Conjure Flame            Conj/Fire      #.......     73%         3    ####...
 Venom Bolt               Conj/Pois      #.........   99%         5    ######.


Dungeon Overview and Level Annotations

Branches:
Dungeon (10/15)            Temple (1/1) D:7            Lair (0/6) D:9
    Orc: D:9-12

Altars:
Ashenzari
Cheibriados
Dithmenos
Gozag
Kikubaaqudgha
Okawaru
Trog
Uskayaw
Vehumet
Wu Jian
Xom
Zin

Annotations:
D:5 1 runed translucent door, Azzok's ghost, novice DDFi


Innate Abilities, Weirdness & Mutations

You are too large for most types of armour.
You have claws for hands.
Your metabolism is lightning-fast.
You like to eat raw meat.
Your natural rate of healing is unusually fast.
You are covered in fur. (AC +1)
You have extremely tough skin. (AC +3)


Message History

Unknown command.
A cyclops comes into view.
The tengu warrior hits you with a +0 long sword!
The tengu warrior closely misses you. x2; The cyclops throws a large rock.
The large rock hits you!!
You see here a large rock.
An acid dragon comes into view.
A hound comes into view.
A yak comes into view.
The cyclops throws a large rock.
You block the large rock.
The tengu warrior hits you with a +0 long sword!
You block the tengu warrior's attack. The tengu warrior barely misses you.
The acid dragon spits acid at you. The splash of acid hits you!
The acid corrodes you!
You are splashed with acid!
A bullfrog comes into view.
The troll bites you!
* * * LOW HITPOINT WARNING * * *
The troll claws you!
* * * LOW HITPOINT WARNING * * *
The troll claws you.
You die...

).........
F........Y#
..........####
..!......#..
.....h..... .
#a.Y...#
...##..J...#
........T..#
.......@Q#####..
#..#..##........
## #D.....#.
.......#
........#
#........#
..##.....# .##
...C.# .. ####.#


You could see a tengu warrior, a cyclops, a yak (wandering), a troll, an acid
dragon, a sky beast, a bullfrog (wandering), a hound, a jelly and a worker ant.

Vanquished Creatures
  A two-headed ogre (D:8)
  A troll (D:10)
  A hornet (D:9)
  3 hippogriffs
  Sigmund (D:2)
  Eustachio (D:4)
  2 hungry ghosts
  2 soldier ants (D:9)
  Duvessa (D:7)
  An orc warrior (D:10)
  A sky beast (D:7)
  A necrophage (D:5)
  2 ogres
  4 centaurs
  8 bullfrogs
  A gnoll sergeant (D:8)
  Dowan (D:7)
  4 scorpions
  4 killer bees (D:10)
  A centaur zombie (D:7)
  5 crimson imps
  A bullfrog zombie (D:9)
  A jelly (D:7)
  A centaur skeleton (D:9)
  5 hounds
  A bullfrog skeleton (D:10)
  4 orc priests
  3 orc wizards
  2 iguanas
  7 worker ants
  A killer bee zombie (D:8)
  A hound zombie (D:6)
  3 hound skeletons
  A worker ant zombie (D:9)
  12 gnolls
  17 adders
  A howler monkey skeleton (D:5)
  2 shadow imps
  18 oozes (Sewer)
  An adder zombie (D:7)
  4 worms
  4 dart slugs
  17 leopard geckos
  26 orcs
  9 ball pythons
  6 bats
  13 giant cockroaches
  7 hobgoblins
  11 jackals
  6 quokkas
  16 frilled lizards
  4 goblins
  5 kobolds
  A leopard gecko skeleton (D:2)
  5 rats
262 creatures vanquished.

Vanquished Creatures (others)
  A kobold (D:2)
1 creature vanquished.

Grand Total: 263 creatures vanquished

Notes
Turn   | Place    | Note
-------+----------+-------------------------------------------
     0 | D:1      | Lavandula the Troll Wanderer began the quest for the Orb.
     0 | D:1      | Lavandula set off with the following items: a +2 hand axe,
                  | a +0 hand crossbow, 27 bolts, a +0 shield, a +0 robe, 2
                  | rations
     0 | D:1      | Reached XP level 1. HP: 23/23 MP: 0/0
    61 | D:1      | Reached skill level 1 in Unarmed Combat
   313 | D:1      | Reached XP level 2. HP: 31/31 MP: 1/1
  1034 | D:2      | Found a shattered altar of Ashenzari.
  1060 | D:2      | Reached skill level 2 in Unarmed Combat
  1119 | D:2      | Noticed Sigmund
  1210 | D:2      | Reached XP level 3. HP: 30/37 MP: 2/2
  1236 | D:2      | Reached skill level 3 in Unarmed Combat
  1276 | D:2      | Found a radiant altar of Vehumet.
  1511 | D:2      | Reached XP level 4. HP: 45/45 MP: 3/3
  1553 | D:2      | Found a hide-covered altar of Uskayaw.
  1561 | D:2      | Found an ancient bone altar of Kikubaaqudgha.
  1562 | D:2      | Found an iron altar of Okawaru.
  1967 | D:2      | Killed Sigmund
  1967 | D:2      | Reached skill level 5 in Unarmed Combat
  1967 | D:2      | Reached XP level 5. HP: 41/53 MP: 4/4
  2459 | D:3      | Reached XP level 6. HP: 50/61 MP: 5/5
  2472 | D:3      | Found an opulent altar of Gozag.
  2632 | D:3      | Found a shimmering altar of Xom.
  2732 | D:3      | Reached skill level 6 in Unarmed Combat
  3156 | D:4      | Reached skill level 7 in Unarmed Combat
  3198 | D:4      | Noticed Eustachio
  3205 | D:4      | Killed Eustachio
  3205 | D:4      | Reached XP level 7. HP: 55/67 MP: 6/6
  3223 | D:4      | Found a glowing drain.
  3236 | Sewer    | Entered a sewer
  3334 | Sewer    | Reached skill level 8 in Unarmed Combat
  3699 | D:4      | Found the +11 plutonium sword {*Contam Stlth-}
  3712 | D:4      | Reached XP level 8. HP: 60/75 MP: 7/7
  3971 | D:5      | Entered Level 5 of the Dungeon
  3980 | D:5      | Noticed Azzok's ghost (novice DDFi)
  3985 | D:5      | Found a runed translucent door.
  4034 | D:5      | Noticed a hippogriff
  4042 | D:5      | Killed a hippogriff
  4058 | D:5      | Found an ornate altar of the Wu Jian Council.
  4479 | D:5      | Reached skill level 5 in Fighting
  5068 | D:6      | Reached skill level 9 in Unarmed Combat
  5213 | D:6      | Reached XP level 9. HP: 85/87 MP: 8/8
  5504 | D:7      | Noticed Duvessa
  5506 | D:7      | Noticed Dowan
  5510 | D:7      | Killed Duvessa
  5513 | D:7      | Killed Dowan
  5543 | D:7      | Found a staircase to the Ecumenical Temple.
  5574 | D:7      | Reached skill level 10 in Unarmed Combat
  5952 | D:7      | Found a bloodstained altar of Trog.
  6128 | D:8      | Reached skill level 5 in Shields
  6165 | D:8      | Found an ornate altar of the Wu Jian Council.
  6339 | D:8      | Noticed a two-headed ogre
  6438 | D:8      | Killed a two-headed ogre
  6438 | D:8      | Reached XP level 10. HP: 50/95 MP: 9/9
  6806 | D:9      | Found a staircase to the Lair.
  7021 | D:9      | Found a glowing silver altar of Zin.
  7343 | D:9      | Learned a level 2 spell: Blink
  7347 | D:9      | Learned a level 3 spell: Mephitic Cloud
  7416 | Temple   | Entered the Ecumenical Temple
  7450 | Temple   | Became a worshipper of Cheibriados the Contemplative
  7519 | D:10     | Entered Level 10 of the Dungeon
  7557 | D:10     | Reached skill level 1 in Poison Magic
  7573 | D:10     | Learned a level 4 spell: Olgreb's Toxic Radiance
  7861 | D:10     | Found a radiant altar of Vehumet.
  7973 | D:10     | You fall through a shaft for 3 floors!
  7973 | D:13     | Noticed a tengu warrior
  7974 | D:13     | Noticed a cyclops
  7976 | D:13     | HP: 4/95 [troll (8)]
  7976 | D:13     | Slain by a troll

Skill      XL: |  1  2  3  4  5  6  7  8  9 10 |
---------------+-------------------------------+-----
Unarmed Combat | 1 2 3 5 7 8 9 10 | 10.0
Shields        | 3 7 8 |  8.5
Dodging        | 3 |  3.0
Fighting       | 5 |  5.3
Poison Magic   | 3 |  3.8
Axes           | |  1.0
Crossbows      | |  1.0
Throwing       | |  1.0

Action                   |  1- 3 |  4- 6 |  7- 9 | 10-12 || total
-------------------------+-------+-------+-------+-------++-------
Melee: Hand axe          |    42 |       |       |       ||    42
       Unarmed           |    64 |   107 |   431 |   134 ||   736
Throw: Javelin           |     3 |    22 |    27 |       ||    52
Invok: Bend Time         |       |       |       |     1 ||     1
Evoke: Wand              |       |       |     1 |     1 ||     2
  Eat: Chunk             |     7 |    21 |    30 |    13 ||    71
       Ration            |     2 |       |       |     3 ||     5
Armor: Robe              |    46 |    47 |   172 |    23 ||   288
Dodge: Dodged            |    33 |    42 |   160 |    40 ||   275
Block: Shield            |    38 |    51 |   179 |    63 ||   331
